 Dungeon Sprint DCSS version 0.31-a0-656-gb4d89c20fa (webtiles) character file.

Game seed: 12063296962736944302

5 rocky1 the Ducker (level 1, -2/28 HPs)
             Began as a Djinni Gladiator on Aug 31, 2023.
             Slain by a water moccasin (4 damage)
             ... in the Dungeon (Sprint IX: "|||||||||||||||||||||||||||||").
             The game lasted 00:00:17 (134 turns).

rocky1 the Ducker (Djinni Gladiator)                 Turns: 134, Time: 00:00:17

Health: -2/28      AC:  4    Str: 13    XL:     1   Next: 88%
Gold:   0          EV: 12    Int:  9    God:
                   SH:  0    Dex: 14

rFire   + + .        a - +0 long sword
rCold   x . .        (no shield)
rNeg    . . .        b - +0 leather armour
rPois   ∞            c - +0 helmet
rElec   .            (no cloak)
rCorr   .            (no gloves)
SInv    .            (boots unavailable)
Will    .....        (no amulet) Stlth
                     (no ring)
HPRegen 0.24/turn    (no ring)
MPRegen 0.00/turn

%: no teleportation, infuse magic (-3 HP)
@: berserking, flying, very quick
A: sickness immunity, fire resistance 2, cold vulnerability 1, float, innate
caster, HP casting, extra vitality 1
a: no special abilities


You were in the Dungeon.
You visited 1 branch

Inventory:

Hand Weapons
 a - a +0 long sword (weapon)
Missiles
 d - 3 throwing nets (quivered)
 e - a javelin
Armour
 b - a +0 leather armour (worn)
 c - a +0 helmet (worn)
Scrolls
 j - a scroll of blinking
Potions
 f - a potion of curing
 g - a potion of heal wounds
 h - a potion of haste


   Skills:
 + Level 2.4 Fighting
 * Level 3.3 Long Blades
 + Level 2.0 Throwing
 + Level 3.7 Dodging You didn't know any spells. Your spell library was empty.

Dungeon Overview and Level Annotations

Branches:
Dungeon (1/1)

Altars:


Innate Abilities, Weirdness & Mutations

You are immune to sickness and miasma.
You are immune to poison.
Your flesh is very heat resistant. (rF++)
You are vulnerable to cold. (rC-)
You float through the air rather than walking.
You learn spells naturally, not from books.
Your magical power is your life essence.
You have superior vitality. (+4 MHP)


Message History

You slash the hobgoblin!
You kill the hobgoblin!
Your Throwing skill increases to level 2!
There is an open door to the Dungeon, spattered with blood here.
Things that are here:
a +0 dagger; a ball python corpse; a ball python corpse You start waiting.
Done waiting.
As you open the door, it creaks loudly!
A sleepcap, a scorpion, an orc, an ice beast and a water moccasin come into view.
The orc shouts!
The water moccasin hisses angrily.
You hit the water moccasin.
The water moccasin is lightly wounded.
The water moccasin bites you but does no damage. x2
You miss the water moccasin.
The water moccasin is lightly wounded.
The water moccasin bites you but does no damage. x2
You slash the water moccasin!
The water moccasin is moderately wounded.
The water moccasin barely misses you.
A red film seems to cover your vision as you go berserk!
You feel yourself moving faster!
You feel mighty! The water moccasin bites you. The water moccasin bites you!
You miss the water moccasin.
The water moccasin is moderately wounded.
The water moccasin bites you.
You barely miss the water moccasin.
The water moccasin is moderately wounded.
The water moccasin bites you.
You miss the water moccasin.
The water moccasin is moderately wounded.
The water moccasin closely misses you.
You barely miss the water moccasin.
The water moccasin is moderately wounded.
The water moccasin bites you!
* * * LOW HITPOINT WARNING * * *
You closely miss the water moccasin.
The water moccasin is moderately wounded.
The water moccasin bites you.
You die... ▓▓▓▓▓▓▓▓▓▓▓▓▓▓▓▓▓▓ +.fsoYS@....)...<▓ ▓▓▓▓▓▓▓▓▓▓▓▓▓▓▓▓▓▓

You could see a water moccasin, an ice beast, a sleepcap, a scorpion and an orc.

Vanquished Creatures
  A hobgoblin (D)
  A quokka (D)
  2 ball pythons (D)
  A kobold (D)
5 creatures vanquished.

Notes
Turn   | Place    | Note
-------+----------+-------------------------------------------
     0 | D        | rocky1 the Djinni Gladiator began the quest for the Orb.
     0 | D        | Reached XP level 1. HP: 18/18 MP: 0/0
   125 | D        | Noticed a sleepcap
   125 | D        | Noticed a scorpion
   125 | D        | Noticed an ice beast
   125 | D        | Noticed a water moccasin
   133 | D        | HP: 1/28 [water moccasin (8)]
   134 | D        | Slain by a water moccasin

Illustrated notes

Levels and vault maps discovered:
D:        linesprint [early_d, line_temple, items_1, d_10, items_2, lair_1,
          lair_end, items_3, orc_1, orc_end, items_4, d_15, swamp_1, shoals_1,
          snake_1, spider_1, d_20, vaults_1, items_5, swamp_end, shoals_end,
          snake_end, spider_end, vaults_end, d_27, items_6, zot_1, zot_end,
          crypt_end, forest_end, elf_end, slime_end, tomb_end, abyss_end,
          pan_hell_end]

Skill      XL: |  1 |
---------------+----+-----
Long Blades    | 3 |  3.3
Throwing       | 2 |  2.0
Fighting       | |  2.4
Dodging        | |  3.7

Action                     || total
---------------------------++-------
  Melee: Long sword        ||    23
    Use: Potion            ||     1
 Armour: Leather armour    ||    11
  Dodge: Dodged            ||     8

Table legend: (Time is in decaauts)
 A = Elapsed time spent in this place.
 B = Non-inter-level travel time spent in this place.
 C = Inter-level travel time spent in this place.
 D = Time resting spent in this place.
 E = Time spent auto-exploring this place.
 F = Levels seen in this place.
 G = Mean time per level.
                   A        B        C        D        E       F      G
               +--------+--------+--------+--------+--------+-----+--------+
         Total |    137 |    137 |      0 |    100 |      0 |   1 |  137.0 |
       Dungeon |    137 |    137 |      0 |    100 |      0 |   1 |  137.0 |
               +--------+--------+--------+--------+--------+-----+--------+

Top non-repeatable levels by time:
       D: 137 daAuts
